 Dungeon Crawl Stone Soup version 0.29.1-2-gbd0b4ee654 (webtiles) character file.

Game seed: 3482966721449074023

20 lokiplouj the Chucker (level 3, -6/21 (28) HPs)
             Began as a Meteoran Wanderer on Nov 15, 2022.
             Mangled by a worm (10 damage)
             ... on level 2 of the Dungeon.
             The game lasted 00:03:04 (797 turns).

lokiplouj the Chucker (Meteoran Wanderer)            Turns: 797, Time: 00:03:05

HP:   -6/21 (28)    AC:  4    Str: 16    XL:     3   Next: 14%
MP:   1/6           EV: 11    Int: 12    God:
Gold: 47            SH:  0    Dex: 14    Spells: 3/4 levels left

rFire   . . .      SeeInvis .   a - +0 dagger
rCold   . . .      Faith    .   (no shield)
rNeg    . . .      Spirit   .   f - +0 leather armour
rPois   .          Reflect  .   (no helmet)
rElec   .          Harm     .   (no cloak)
rCorr   .          Rampage  .   c - +0 pair of gloves {hurl}
Will    .....                   (no boots)
Stlth   +.........              (no amulet)
HPRegen 0.07/turn               (no ring)
MPRegen 0.10/turn               (no ring)

@: very slightly contaminated, glowing, very heavily drained
A: sense surroundings 1, otherworldly, glowing, explore regen
a: no special abilities


You were on level 2 of the Dungeon.
You visited 1 branch of the dungeon, and saw 2 of its levels.

You collected 47 gold pieces.

Inventory:

Hand Weapons
 a - a +0 dagger (weapon)
Missiles
 o - a poisoned dart (quivered)
Armour
 c - a +0 pair of gloves of hurling (worn)
 f - a +0 leather armour (worn)
Jewellery
 n - a +6 ring of strength
Scrolls
 d - a scroll of fear
 j - a scroll of poison {unknown}
 k - a scroll of identify {unknown}
 l - 2 scrolls of enchant armour {unknown}
 m - a scroll of blinking {unknown}
Potions
 b - a potion of berserk rage
 e - a potion of heal wounds
 g - 2 potions of mutation {unknown}
 h - a potion of curing {unknown}
 i - a potion of invisibility {unknown}


   Skills:
 + Level 1.1 Fighting
 + Level 3.3 Throwing
 + Level 1.8 Armour
 + Level 1.0 Stealth
 + Level 2.5 Unarmed Combat
 + Level 1.3 Spellcasting
 + Level 2.7 Conjurations


You had 3 spell levels left.
You knew the following spells:

 Your Spells              Type           Power      Damage    Failure   Level
a - Shock                 Conj/Air       16%        1d4       21%         1

Your spell library contained the following spells:

 Spells                   Type           Power      Damage    Failure   Level
 Stone Arrow              Conj/Erth      8%         3d7       52%         3
 Malign Gateway           Summ/Tloc      0%         N/A       100%        7
 Summon Horrible Things   Summ           0%         N/A       100%        8


Dungeon Overview and Level Annotations

Branches:
Dungeon (2/15) Zot: 606

Altars:
Vehumet


Innate Abilities, Weirdness & Mutations

You passively map a small area around you.
You are easily found by Zot.
You glow in the dark.
You regain HP and MP as you explore.


Message History

Aiming: Shock (safe; 21% risk of failure)
Press: ? - help, Shift-Dir - straight line, f/p - worm
Aim: a worm (88% to hit)
You miscast Shock.
Nothing appears to happen.
Unknown command.
Unknown command.
Unknown command.
Casting: Shock (safe; 21% risk of failure)
Confirm with . or Enter, or press ? or * to list all spells.
Aiming: Shock (safe; 21% risk of failure)
Press: ? - help, Shift-Dir - straight line, f/p - worm
Aim: a worm (88% to hit)
The zap hits the worm.
The worm is moderately wounded.
Casting: Shock (safe; 21% risk of failure)
Confirm with . or Enter, or press ? or * to list all spells.
You don't have enough magic to cast this spell.
Casting: Shock (safe; 21% risk of failure)
Confirm with . or Enter, or press ? or * to list all spells.
You don't have enough magic to cast this spell.
Casting: Shock (safe; 21% risk of failure)
Confirm with . or Enter, or press ? or * to list all spells.
You don't know that spell.
You hit the worm.
The worm is moderately wounded.
The worm bites you!
You hit the worm.
The worm is moderately wounded.
The worm bites you.
You hit the worm.
The worm is moderately wounded.
The worm bites you but does no damage. The worm bites you!
* * * LOW HITPOINT WARNING * * *
You see here a poisoned dart.
You see here 14 gold pieces.
You see here a poisoned dart.
o - a poisoned dart The worm bites you!
You die...

######### #.......#
* ###....=..# * ,
.........# * *
#......... *
#........# * , *
#.@......#
#$w(.>...# ,
**#((####### , , ,
, #..# , #.,#.*
*#..# #..#. #..#
...#.##.##..#######
, *
.................
###
*#...####.#######


You could see a worm.

Vanquished Creatures
  A dart slug (D:2)
  2 bats
  2 endoplasms
  A giant cockroach (D:1)
  2 goblins
  4 hobgoblins
  A kobold (D:1)
  3 rats (D:1)
16 creatures vanquished.

Notes
Turn   | Place    | Note
-------+----------+-------------------------------------------
     0 | D:1      | lokiplouj the Meteoran Wanderer began the quest for the
                  | Orb.
     0 | D:1      | lokiplouj set off with the following items: a +0 dagger, a
                  | potion of berserk rage, 11 poisoned darts, a scroll of
                  | fear, a potion of heal wounds, a +0 leather armour; and the
                  | following spell memorised: Shock; and the following spells
                  | available to memorise: Stone Arrow.
     0 | D:1      | Reached XP level 1. HP: 16/16 MP: 3/3
   317 | D:1      | Reached XP level 2. HP: 23/23 MP: 5/5
   500 | D:1      | Glimpsed the power of Zot.
   512 | D:1      | Reached skill level 3 in Throwing
   550 | D:1      | Glimpsed the power of Zot.
   591 | D:1      | Glimpsed the power of Zot.
   601 | D:1      | Touched by the power of Zot.
   648 | D:2      | Found a radiant altar of Vehumet.
   673 | D:2      | Reached XP level 3. HP: 10/21 MP: 6/6
   717 | D:2      | Identified the +0 leather armour of the Dice {rElec}
   797 | D:2      | Mangled by a worm

Illustrated notes

Levels and vault maps discovered:
D:1:      sevenhm_arrival_forest_fort_small_4, layout_basic
D:2:      layout_loops_ring, basic_altar, uniq_natasha

Skill      XL: |  1  2 |
---------------+-------+-----
Throwing       | 3 |  3.3
Fighting       | |  1.1
Armour         | |  1.8
Stealth        | |  1.0
Unarmed Combat | |  2.5
Spellcasting   | |  1.3
Conjurations   | |  2.7

Action                   || total
-------------------------++-------
Melee: Dagger            ||     9
Throw: Dart              ||    65
 Cast: Shock             ||     6
Armor: Leather armour    ||    20
Dodge: Dodged            ||    15
